 Dungeon Crawl Stone Soup version 0.32-a0-597-g8e3e136d6a (webtiles) character file.

Game seed: 4445018856671698634

72 cforsyth the Grave Robber (level 4, -8/37 HPs)
             Began as a Mountain Dwarf Necromancer on Mar 2, 2024.
             Mangled by Sigmund
             ... wielding a +0 scythe
              (9 damage)
             ... on level 2 of the Dungeon.
             The game lasted 00:05:05 (2528 turns).

cforsyth the Grave Robber (MDNe)                    Turns: 2528, Time: 00:05:05

Health: -8/37      AC:  3    Str: 10    XL:     4   Next: 7%
Magic:  4/6        EV: 11    Int: 18    God:
Gold:   118        SH:  0    Dex: 10    Spells: 5/6 levels left

rFire   . . .        g - +2 dagger (vamp)
rCold   . . .        (no shield)
rNeg    . . .        j - +0 leather armour
rPois   .            (no helmet)
rElec   .            (no cloak)
rCorr   .            (no gloves)
SInv    .            (no boots)
Will    .....        (no amulet)
Stlth   +            (no ring)
HPRegen 0.26/turn    (no ring)
MPRegen 0.10/turn

%: no passive effects
@: no status effects
A: runic magic, artefact enchanting
a: no special abilities


You were on level 2 of the Dungeon.
You visited 1 branch of the dungeon, and saw 2 of its levels.

You collected 118 gold pieces.


Innate Abilities, Weirdness & Mutations

Your spellcasting is much less encumbered by armour.
You can use scrolls of enchantment on lesser artefacts.


   Skills:
 + Level 2.5 Fighting
 + Level 1.4 Axes
 - Level 1.3 Dodging
 - Level 1.4 Stealth
 - Level 1.7 Spellcasting
 + Level 5.2 Necromancy


You had 5 spell levels left.
You knew the following spells:

 Your Spells              Type           Power      Damage    Failure   Level
X - Necrotise             Necr           80%        1d8       2%          1

Your spell library contained the following spells:

 Spells                   Type           Power      Damage    Failure   Level
 Sublimation of Blood     Necr           20%        N/A       3%          2
 Vampiric Draining        Necr           20%        2d7       7%          3
 Foxfire                  Conj/Fire      4%         2x1d4     21%         1
 Magic Dart               Conj           4%         1d3       21%         1
 Animate Dead             Necr           20%        N/A       22%         4
 Blink                    Tloc           2%         N/A       30%         2
 Call Imp                 Summ           2%         N/A       30%         2
 Curse of Agony           Necr           20%        N/A       54%         5
 Plasma Beam              Fire/Air       0%         2x1d10    100%        6
 Starburst                Conj/Fire      0%         6d3       100%        6
 Summon Hydra             Summ           0%         N/A       100%        7

Inventory:

Hand Weapons
 a - a +0 mace
 g - a +2 vampiric dagger (weapon)
Armour
 j - a +0 leather armour (worn)
Scrolls
 d - 2 scrolls of fear {unknown}
 f - 3 scrolls of identify {unknown}
 h - a scroll of torment {unknown}
 i - a scroll of blinking
 k - a scroll of teleportation {@r2}
 l - a scroll of fog
Potions
 b - a potion of magic
 c - 2 potions of curing {@q1}
 e - a potion of invisibility {unknown}

Dungeon Overview and Level Annotations

Branches:
Dungeon (2/15)

Altars:

Annotations:
D:2 Robin, Sigmund

..###......#'#.#
###......###.#.#
#......###...#.###
.))).###...###...# .
...###..)###.###.#######....
....##..##...# #.##.........
.....##)...#####.##.######.#
....)^##..##(#......#
#......##....##.@#..#
##......##..###.@...#
.##......##..#......#
..##......##.#......########
†.)##......###.............#
##..##.....(##......###.##.#
#...###......#.....## #.##.#
..###(.....#'#....#####.##.#
###......###.#...##<<......#


You could see Sigmund.


Message History

Sigmund hits you with a +0 scythe.
* * * LOW HITPOINT WARNING * * *
You closely miss Sigmund.
Sigmund is lightly wounded.
Sigmund hits you with a +0 scythe!
* * * LOW HITPOINT WARNING * * *
You hit Sigmund but do no damage.
Sigmund is lightly wounded.
Unknown command.
You are too injured to fight recklessly!
You are too injured to fight recklessly!
You are too injured to fight recklessly!
Unknown command.
Casting: Necrotise (safe; 2% risk of failure)
Confirm with . or Enter, or press ? or * to list all spells.
Aiming: Necrotise (safe; 2% risk of failure)
Press: ? - help, Shift-Dir - straight line, f - Sigmund
Aim: Sigmund, wielding a +0 scythe and wearing a +0 robe (lightly wounded, chance to affect: 84%) Sigmund barely resists.
Sigmund casts a spell at you. The magic dart hits you!
* * * LOW HITPOINT WARNING * * *
Casting: Necrotise (safe; 2% risk of failure)
Confirm with . or Enter, or press ? or * to list all spells.
Aiming: Necrotise (safe; 2% risk of failure)
Press: ? - help, Shift-Dir - straight line, f/p - Sigmund
Aim: Sigmund, wielding a +0 scythe and wearing a +0 robe (lightly wounded, chance to affect: 84%) Sigmund writhes in agony.
Sigmund hits you with a +0 scythe!
You die...
Sigmund begins carving another notch in his scythe.

Skill      XL: |  1  2  3 |
---------------+----------+-----
Fighting       | 1 2 |  2.5
Necromancy     | 5 |  5.2
Axes           | 1 |  1.4
Dodging        | |  1.3
Stealth        | |  1.4
Spellcasting   | |  1.7

Action                     |  1- 3 |  4- 6 || total
---------------------------+-------+-------++-------
  Melee: Unarmed           |    22 |       ||    22
         Punch             |     1 |       ||     1
         Dagger            |    50 |     6 ||    56
         Mace              |     9 |       ||     9
   Cast: Necrotise         |    59 |     8 ||    67
    Use: Scroll            |     4 |       ||     4
         Potion            |     1 |       ||     1
 Armour: Robe              |    18 |       ||    18
         Leather armour    |    43 |     8 ||    51
         Skin              |     1 |       ||     1
  Dodge: Dodged            |    63 |     3 ||    66

Levels and vault maps discovered:
D:1:      lightli_arrival_quake, layout_rooms,
          hellmonk_ecumenical_altar_prayer_group, serial_forest,
          infiniplex_forest_lined_room_3, infiniplex_forest_straight_2,
          infiniplex_forest_clump_C, infiniplex_forest_clump_long,
          infiniplex_forest_lined_3_way, infiniplex_forest_lined_corner,
          infiniplex_forest_clump_curved, infiniplex_forest_lined_2,
          infiniplex_forest_clump_curved
D:2:      minmay_razor_zed, layout_loops_ring, chequers_serial_rivers_micro_e,
          uniq_robin, uniq_sigmund

Notes
Turn   | Place    | Note
-------+----------+-------------------------------------------
     0 | D:1      | cforsyth the Mountain Dwarf Necromancer began the quest for
                  | the Orb.
     0 | D:1      | Reached XP level 1. HP: 14/14 MP: 3/3
   240 | D:1      | Reached skill level 1 in Fighting
   346 | D:1      | Reached XP level 2. HP: 23/23 MP: 1/4
   405 | D:1      | Found a faded altar of an unknown god.
  1210 | D:2      | Noticed Sigmund
  1675 | D:2      | Reached XP level 3. HP: 29/29 MP: 3/5
  1681 | D:2      | Reached skill level 2 in Fighting
  1681 | D:2      | Reached skill level 5 in Necromancy
  1739 | D:2      | Noticed Robin
  1801 | D:2      | Reached skill level 1 in Axes
  2320 | D:2      | Reached XP level 4. HP: 37/37 MP: 4/6
  2527 | D:2      | HP: 1/37 [Sigmund/magic dart (9)]
  2528 | D:2      | Mangled by Sigmund

Vanquished Creatures
  A ribbon worm (D:2)
  2 dart slugs
  3 bats
  5 endoplasms
  3 giant cockroaches
  10 goblins
  3 hobgoblins (D:2)
  A jackal (D:2)
  5 quokkas
  5 ball pythons
  6 kobolds
  A rat (D:2)
45 creatures vanquished.

Vanquished Creatures (collateral kills)
  An adder (D:2)
  A frilled lizard (D:2)
2 creatures vanquished.

Grand Total: 47 creatures vanquished

Table legend: (Time is in decaauts)
 A = Elapsed time spent in this place.
 B = Non-inter-level travel time spent in this place.
 C = Inter-level travel time spent in this place.
 D = Time resting spent in this place.
 E = Time spent auto-exploring this place.
 F = Levels seen in this place.
 G = Mean time per level.
                   A        B        C        D        E       F      G
               +--------+--------+--------+--------+--------+-----+--------+
         Total |   2532 |   2474 |     58 |    239 |   1754 |   2 | 1266.0 |
       Dungeon |   2532 |   2474 |     58 |    239 |   1754 |   2 | 1266.0 |
               +--------+--------+--------+--------+--------+-----+--------+

Top non-repeatable levels by time:
     D:2: 1469 daAuts
     D:1: 1062 daAuts

Table legend:
 A = Non-vault XP
 B = Vault XP
 C = Vault XP percentage of total XP
 D = Non-vault monster count
 E = Vault monster count
 F = Vault count percentage of total count
                 A         B        C        D         E       F
            +---------+---------+-------+---------+---------+-------
      Total |      60 |      44 |  42.3 |      25 |      22 |  46.8
            +---------+---------+-------+---------+---------+-------
        D:1 |      22 |       0 |   0.0 |      11 |       0 |   0.0
        D:2 |      38 |      44 |  53.7 |      14 |      22 |  61.1
            +---------+---------+-------+---------+---------+-------
